 Dungeon Crawl Stone Soup version 0.30-a0-142-g7370640ec8 (webtiles) character file.

Game seed: 14078450224488840192

628 qw the Chopper (level 7, -7/44 HPs)
             Began as a Gargoyle Fighter on Sept 25, 2022.
             Was a Follower of Okawaru.
             Killed from afar by Blork the orc (10 damage)
             ... with a puff of frost
             ... on level 4 of the Dungeon.
             The game lasted 00:01:18 (3609 turns).

qw the Chopper (Gargoyle Fighter)                   Turns: 3609, Time: 00:01:19

Health: -7/44      AC:  0    Str: 20    XL:     7   Next: 48%
Magic:  4/7        EV: 21    Int: 13    God:    Okawaru [*.....]
Gold:   21         SH:  0    Dex: 13    Spells: 6/6 levels left

rFire   . . .      SeeInvis .      - Unarmed
rCold   . . .      Faith    .    (shield currently unavailable)
rNeg    + . .      Spirit   .    (body armour currently unavailable)
rPois   inf        Reflect  .    (helmet currently unavailable)
rElec   .          Harm     .    (cloak currently unavailable)
rCorr   .          Rampage  .    (gloves currently unavailable)
Will    .....                    (boots currently unavailable)
Stlth   +++.......               (no amulet)
HPRegen 0.14/turn                (ring currently unavailable)
MPRegen 0.10/turn                (ring currently unavailable)

@: about to teleport, bat-form, heroic, flying, very quick
A: fast, flying, no casting, sickness immunity, AC +4, tiny, negative energy
resistance 1, (electricity resistance), torment resistance 1, petrification
resistance, (big wings), (hooves 1), clever 1, subdued magic 1
a: Renounce Religion, Heroism


You were on level 4 of the Dungeon.
You worshipped Okawaru.
Okawaru was aware of your devotion.
You were a bat.
You visited 2 branches of the dungeon, and saw 5 of its levels.

You collected 210 gold pieces.
You spent 189 gold pieces at shops.


Innate Abilities, Weirdness & Mutations

You are a bat.
You are tiny and dextrous.
You move quickly.
You are flying.
Your equipment is almost entirely melded.
You are incapable of wielding weapons or throwing items.
You cannot cast spells.
You are immune to sickness and miasma.
((Your stone body is resilient. (AC +4)))
You are immune to poison.
You resist negative energy. (rN+)
((You are resistant to electric shocks. (rElec)))
You are resistant to unholy torment.
You are immune to petrification.
((Your large and strong wings let you fly.))
((You have large cloven feet.))
Your mind is acute. (Int +4, Str/Dex -1)
Your spells are a little easier to cast, but a little less powerful.


   Skills:
 - Level 5.4(10.4) Fighting
 - Level 6.4(11.4) Axes
 - Level 3.2(8.2) Armour
 + Level 0.0(5.0) Dodging
 - Level 3.2(8.2) Shields
 + Level 0.0 Invocations


You had 6 spell levels left.
You didn't know any spells.
Your spell library was empty.

Inventory:

Hand Weapons
 g - a +2 whip of draining
 Y - a +0 war axe (melded)
Armour
 c - a +0 buckler (melded)
 n - a +0 chain mail (melded)
Scrolls
 a - a scroll of identify
 b - a scroll of blinking {unknown}
 e - a scroll of teleportation
 k - 2 scrolls of enchant armour
Potions
 d - a potion of might
 f - a potion of curing {unknown}
 h - a potion of heal wounds {unknown}
 j - a potion of brilliance {unknown}
 m - a potion of flight {unknown}

Dungeon Overview and Level Annotations

Branches:
Dungeon (4/15)             Temple (1/1) D:4

Altars:
Ashenzari
Cheibriados
Dithmenos
Fedhas
Kikubaaqudgha
Makhleb
Nemelex Xobeh
Okawaru
Qazlal
Trog
Uskayaw
Vehumet
Wu Jian
Zin
The Shining One

Shops:
D:4 !(?

Annotations:
D:4 Blork the orc


Message History

Blork the orc hits you but does no damage.
You barely miss Blork the orc.
Blork the orc hits you with a +0 glaive.
Blork the orc hits you with a +0 glaive!
You slash Blork the orc!
Blork the orc is heavily wounded.
Blork the orc zaps a wand.
You resist with some effort.
You barely miss Blork the orc. Your kick misses Blork the orc.
Blork the orc is heavily wounded.
Blork the orc closely misses you. You block Blork the orc's attack.
You closely miss Blork the orc.
Blork the orc is heavily wounded.
Blork the orc barely misses you.
You slash Blork the orc! Your kick misses Blork the orc.
Blork the orc is almost dead.
Blork the orc points at you and mumbles some strange words.
The puff of frost hits you.
You barely miss Blork the orc. You kick Blork the orc.
Blork the orc is almost dead.
Blork the orc zaps a wand.
You resist with some effort.
Blork the orc hits you with a +0 glaive!
You completely miss Blork the orc.
Blork the orc is almost dead.
You feel like a meek peon again.
Blork the orc hits you with a +0 glaive!
3607 ||| READING 2 scrolls of teleportation.
As you read the scroll of teleportation, it crumbles to dust.
You feel strangely unstable.
Blork the orc zaps a wand.
You turn into a bat.
Your +0 war axe melds into your body.
Your +0 buckler melds into your body.
Your +0 chain mail melds into your body.
Blork the orc barely misses you.
3608 ||| INVOKING Heroism.
You gain the combat prowess of a mighty hero.
Blork the orc misses you.
You hit Blork the orc but do no damage.
Blork the orc is almost dead.
Blork the orc gestures at you while chanting.
The puff of frost hits you!
You die...

#.......#.#....................
#..............................
#####'#####.........<..........
#.................. .
########.#.........
#.#...!..... .... #.#.........
.... ##.#......... ....
#...b........ ....
.......o..#.#### #..
..........#... # ........!.#
... ####...$..# ... #.\.....
#........ # ##+##..... ... #..


You could see Blork the orc (fast).

Vanquished Creatures
  Grinder (D:3)
  Sigmund (D:4)
  Menkaure (D:4)
  An orc wizard (D:3)
  4 adders
  A worm (D:3)
  3 dart slugs
  5 orcs
  5 bats
  3 endoplasms
  3 giant cockroaches
  6 goblins
  7 hobgoblins
  A quokka (D:1)
  4 ball pythons
  4 frilled lizards
  9 kobolds
  8 rats
67 creatures vanquished.

Notes
Turn   | Place    | Note
-------+----------+-------------------------------------------
     0 | D:1      | qw the Gargoyle Fighter began the quest for the Orb.
     0 | D:1      | Reached XP level 1. HP: 14/14 MP: 1/1
     0 | D:1      | 0 ||| qw: Version: 0.2-a-10-g399e6c4
     0 | D:1      | 0 ||| qw: Game counter: 404
     0 | D:1      | 0 ||| qw: Always use a shield: true
     0 | D:1      | 0 ||| qw: God list: Okawaru
     0 | D:1      | 0 ||| qw: Allow faded altars: false
     0 | D:1      | 0 ||| qw: Do Orc after D:15 true
     0 | D:1      | 0 ||| qw: Do second Lair branch before Depths: true
     0 | D:1      | 0 ||| qw: Lair rune preference: random
     0 | D:1      | 0 ||| qw: Plans: Normal, Zot:1-4, God:TSO, Crypt, Tomb,
                  | Pan, Slime:5, Hells, Abyss, Orb
     0 | D:1      | 0 ||| PLANNING D:1-11
   100 | D:1      | Reached skill level 2 in Axes
   157 | D:1      | Found a faded altar of an unknown god.
   365 | D:1      | Reached XP level 2. HP: 19/19 MP: 2/2
  1012 | D:1      | 1012 ||| READING 2 scrolls labelled JIURRE YXKO.
  1013 | D:1      | 1013 ||| READING scroll labelled IRCHET ARYLA.
  1014 | D:1      | 1014 ||| READING scroll labelled CAAXTI GIEN.
  1015 | D:1      | 1015 ||| READING scroll labelled GEYZUO KOWEXT.
  1051 | D:2      | 1051 ||| DROPPING +0 club.
  1070 | D:2      | 1070 ||| FLEEEEING.
  1078 | D:2      | 1078 ||| STAIRDANCE
  1184 | D:2      | 1184 ||| Stepping ~*~*~tactically~*~*~ (stealth).
  1185 | D:2      | 1185 ||| Stepping ~*~*~tactically~*~*~ (stealth).
  1186 | D:2      | 1186 ||| Stepping ~*~*~tactically~*~*~ (stealth).
  1187 | D:2      | 1187 ||| Stepping ~*~*~tactically~*~*~ (stealth).
  1189 | D:2      | 1189 ||| Stepping ~*~*~tactically~*~*~ (stealth).
  1192 | D:2      | Reached skill level 3 in Axes
  1195 | D:2      | Reached XP level 3. HP: 14/23 MP: 3/3
  1476 | D:2      | 1476 ||| Stepping ~*~*~tactically~*~*~ (stealth).
  1801 | D:2      | 1801 ||| READING 2 scrolls labelled BOOWKA BARGHU.
  1802 | D:2      | 1802 ||| READING scroll labelled EMMIXZA VAFIRA.
  1803 | D:2      | 1803 ||| DROPPING scroll of fear.
  1834 | D:3      | Reached XP level 4. HP: 28/28 MP: 4/4
  1971 | D:3      | 1971 ||| Stepping ~*~*~tactically~*~*~ (stealth).
  1973 | D:3      | 1973 ||| Stepping ~*~*~tactically~*~*~ (stealth).
  1979 | D:3      | Reached skill level 4 in Axes
  2017 | D:3      | Noticed Grinder
  2018 | D:3      | 2018 ||| Stepping ~*~*~tactically~*~*~ (hiding).
  2032 | D:3      | Paralysed by Grinder for 3 turns
  2036 | D:3      | 2036 ||| Stepping ~*~*~tactically~*~*~ (hiding).
  2037 | D:3      | 2037 ||| Stepping ~*~*~tactically~*~*~ (hiding).
  2038 | D:3      | 2038 ||| Stepping ~*~*~tactically~*~*~ (hiding).
  2039 | D:3      | 2039 ||| Stepping ~*~*~tactically~*~*~ (hiding).
  2043 | D:3      | Killed Grinder
  2044 | D:3      | Reached skill level 5 in Axes
  2044 | D:3      | Reached XP level 5. HP: 18/32 MP: 5/5
  2044 | D:3      | Reached XP level 6. HP: 21/37 MP: 6/6
  2561 | D:3      | 2561 ||| Stepping ~*~*~tactically~*~*~ (stealth).
  2678 | D:3      | 2678 ||| UPGRADING to +0 chain mail.
  2688 | D:3      | 2688 ||| DROPPING +0 scale mail.
  2689 | D:3      | 2689 ||| READING scroll labelled RIPLYKK QIUGG.
  2690 | D:3      | 2690 ||| DRINKING 2 metallic silvery potions.
  2791 | D:3      | 2791 ||| DROPPING potion of ambrosia.
  2961 | D:4      | 2961 ||| DROPPING +0 whip.
  2967 | D:4      | Found Olye's Magic Scroll Shop.
  2979 | D:4      | 2979 ||| BUYING 2 scrolls of teleportation (84 gold).
  2979 | D:4      | Bought 2 scrolls of teleportation for 84 gold pieces
  2979 | D:4      | 2979 ||| SHOPLISTING 3 scrolls of teleportation (126 gold,
                  | have 112).
  2979 | D:4      | 2979 ||| BUYING scroll of enchant armour (105 gold).
  2979 | D:4      | Bought a scroll of enchant armour for 105 gold pieces
  2979 | D:4      | 2979 ||| SHOPLISTING scroll of identify (28 gold, have 7).
  2979 | D:4      | 2979 ||| SHOPLISTING scroll of teleportation (42 gold, have
                  | 7).
  3075 | D:4      | Found a staircase to the Ecumenical Temple.
  3076 | D:4      | 3076 ||| PLANNING TEMPLE
  3076 | D:4      | 3076 ||| READING scroll labelled ZEUJOE UPUORGH.
  3143 | D:4      | 3143 ||| DRINKING 2 grey potions.
  3143 | D:4      | Gained mutation: You are partially covered in iridescent
                  | scales. (AC +2) [potion of mutation]
  3143 | D:4      | Gained mutation: You occasionally lose the ability to drink
                  | potions when taking damage. [potion of mutation]
  3143 | D:4      | Gained mutation: You are partially covered in large bone
                  | plates. (SH +4) [potion of mutation]
  3144 | D:4      | 3144 ||| DRINKING potion of mutation.
  3144 | D:4      | Lost mutation: You are partially covered in iridescent
                  | scales. (AC +2) [potion of mutation]
  3144 | D:4      | Lost mutation: You are partially covered in large bone
                  | plates. (SH +4) [potion of mutation]
  3144 | D:4      | Lost mutation: You occasionally lose the ability to drink
                  | potions when taking damage. [potion of mutation]
  3144 | D:4      | Gained mutation: You are frail. (-10% HP) [potion of
                  | mutation]
  3144 | D:4      | Gained mutation: You sometimes lose your temper in combat.
                  | [potion of mutation]
  3144 | D:4      | Gained mutation: You occasionally lose the ability to drink
                  | potions when taking damage. [potion of mutation]
  3168 | Temple   | Entered the Ecumenical Temple
  3169 | Temple   | 3169 ||| PLANNING OKAWARU WORSHIP
  3220 | Temple   | Became a worshipper of Warmaster Okawaru
  3221 | Temple   | 3221 ||| PLANNING D:1-11
  3246 | D:4      | Noticed Sigmund
  3247 | D:4      | 3247 ||| Stepping ~*~*~tactically~*~*~ (hiding).
  3248 | D:4      | 3248 ||| Stepping ~*~*~tactically~*~*~ (hiding).
  3269 | D:4      | Killed Sigmund
  3270 | D:4      | Reached XP level 7. HP: 22/39 MP: 7/7
  3409 | D:4      | Found Jalenot's Weapon Emporium.
  3417 | D:4      | 3417 ||| SHOPLISTING +1 broad axe of flaming (156 gold,
                  | have 7).
  3446 | D:4      | Noticed Menkaure
  3447 | D:4      | Found an ornate altar of the Wu Jian Council.
  3452 | D:4      | Killed Menkaure
  3452 | D:4      | Reached * piety under Okawaru
  3453 | D:4      | Reached skill level 6 in Axes
  3496 | D:4      | 3496 ||| DRINKING potion of mutation.
  3496 | D:4      | Lost mutation: You sometimes lose your temper in combat.
                  | [potion of mutation]
  3496 | D:4      | Lost mutation: You are frail. (-10% HP) [potion of
                  | mutation]
  3496 | D:4      | Lost mutation: You occasionally lose the ability to drink
                  | potions when taking damage. [potion of mutation]
  3496 | D:4      | Gained mutation: Your spells are a little easier to cast,
                  | but a little less powerful. [potion of mutation]
  3496 | D:4      | Gained mutation: Your mind is acute. (Int +4, Str/Dex -1)
                  | [potion of mutation]
  3496 | D:4      | Gained mutation: Your large and strong wings let you fly.
                  | [potion of mutation]
  3496 | D:4      | Gained mutation: You have large cloven feet. [potion of
                  | mutation]
  3595 | D:4      | Noticed Blork the orc
  3596 | D:4      | 3596 ||| INVOKING Heroism.
  3597 | D:4      | Found Nushram's Distillery.
  3606 | D:4      | HP: 3/44 [Blork the orc/+0 glaive (9)]
  3607 | D:4      | 3607 ||| READING 2 scrolls of teleportation.
  3608 | D:4      | 3608 ||| INVOKING Heroism.
  3609 | D:4      | Killed from afar by Blork the orc

Levels and vault maps discovered:
D:1:      dpeg_arrival_signposts, layout_loops_corners,
          dreamdust_ecumenical_altar_hidden_monk_grotto
D:2:      layout_rooms, solitary_fountain, minmay_domino_4
D:3:      layout_rooms, uniq_grinder
D:4:      layout_basic, overflow_temple_1_default, minmay_temple_entry_arrows,
          serial_shops, shop, nicolae_stop_n_shop_2, kennysheep_mini,
          uniq_sigmund, uniq_blork_the_orc, uniq_menkaure
Temple:   nicolae_temple_ecumenical_triangle

Skill      XL: |  1  2  3  4  5  6  7 |
---------------+----------------------+-----
Axes           | 2 3 5 6 |  6.4
Fighting       | 5 |  5.4
Armour         | |  3.2
Shields        | |  3.2

Action                   |  1- 3 |  4- 6 |  7- 9 || total
-------------------------+-------+-------+-------++-------
Melee: War axe           |    94 |   120 |    13 ||   227
       Unarmed           |       |       |     1 ||     1
       Kick              |       |       |     1 ||     1
Throw: Boomerang         |       |     9 |       ||     9
Invok: Heroism           |       |       |     2 ||     2
  Use: Scroll            |     6 |     2 |     1 ||     9
       Potion            |       |     3 |     1 ||     4
Armor: Scale mail        |    33 |    46 |       ||    79
       Chain mail        |       |    12 |     2 ||    14
Dodge: Dodged            |    39 |    46 |     5 ||    90
Block: Buckler           |    21 |    11 |     1 ||    33

Table legend:
 A = Non-vault XP
 B = Vault XP
 C = Vault XP percentage of total XP
 D = Non-vault monster count
 E = Vault monster count
 F = Vault count percentage of total count
                 A         B        C        D         E       F
            +---------+---------+-------+---------+---------+-------
      Total |     184 |     714 |  79.5 |      62 |       5 |   7.5
            +---------+---------+-------+---------+---------+-------
        D:1 |      24 |       0 |   0.0 |      14 |       0 |   0.0
        D:2 |      31 |      14 |  31.1 |      18 |       2 |  10.0
        D:3 |     114 |     286 |  71.5 |      23 |       1 |   4.2
        D:4 |      15 |     414 |  96.5 |       7 |       2 |  22.2
            +---------+---------+-------+---------+---------+-------
